 Dungeon Crawl Stone Soup version 0.23.2-1-ga50397a6bc (webtiles) character file.

Game seed: 4204224422721012564

78 Revguard the Chopper (level 4, -2/34 HPs)
             Began as a Demonspawn Gladiator on Apr 16, 2019.
             Slain by Crazy Yiuf
             ... wielding a +3 quarterstaff of chaos
              (10 damage)
             ... on level 2 of the Dungeon.
             The game lasted 00:03:46 (1893 turns).

Revguard the Chopper (Demonspawn Gladiator)         Turns: 1893, Time: 00:03:50

Health: -2/34      AC:  9    Str: 16    XL:     4   Next: 15%
Magic:  4/4        EV:  8    Int:  9    God:
Gold:   47         SH:  4    Dex: 16    Spells: 3/3 levels left

rFire    . . .     SeeInvis .   a - +0 war axe
rCold    . . .     Gourm    .   (no shield)
rNeg     . . .     Faith    .   e - +0 chain mail
rPois    .         Spirit   .   j - +1 hat
rElec    .         Reflect  .   (no cloak)
rCorr    .         Harm     .   (no gloves)
MR       .....                  (no boots)
Stlth    ..........             (no amulet)
HPRegen  0.11/turn              h - +2 ring of dexterity
MPRegen  0.09/turn              (no ring)

@: lethally poisoned (-2 -> -8)
A: large bone plates 1, demonic guardian 1
a: no special abilities


You were on level 2 of the Dungeon.
You were not hungry.

You visited 1 branch of the dungeon, and saw 2 of its levels.

You collected 47 gold pieces.

Inventory:

Hand Weapons
 a - a +0 war axe (weapon)
Missiles
 d - 3 throwing nets (quivered)
Armour
 c - a +0 helmet
 e - a +0 chain mail (worn)
 j - a +1 hat (worn)
Jewellery
 h - a +2 ring of dexterity (left hand)
Scrolls
 b - 3 scrolls of identify {unknown}
 g - a scroll of fog {unknown}
Comestibles
 f - a ration
 i - 3 chunks of flesh


   Skills:
 + Level 2.4 Fighting
 + Level 3.5 Axes
 - Level 1.7 Throwing
 * Level 1.4 Armour
 + Level 3.1 Dodging


You had 3 spell levels left.
You didn't know any spells.
Your spell library was empty.

Dungeon Overview and Level Annotations

Branches:
Dungeon (2/15)

Altars:

Annotations:
D:2 Crazy Yiuf


Innate Abilities, Weirdness & Mutations

You are partially covered in large bone plates. (SH +4)
A weak demonic guardian rushes to your aid.


Message History

Your quasit claws Crazy Yiuf but does no damage.
Your quasit claws Crazy Yiuf.
Crazy Yiuf hits your quasit with a +3 quarterstaff of chaos!
Your quasit dies!
Crazy Yiuf shouts!
Crazy Yiuf says, "Scoff!
Race hog pontify."
Crazy Yiuf hits you with a +3 quarterstaff of chaos.
You convulse.
There is an open translucent door here.
Your chain mail prevents you from hitting Crazy Yiuf.
Crazy Yiuf is severely wounded.
Crazy Yiuf hits you with a +3 quarterstaff of chaos.
You are poisoned.
You hit Crazy Yiuf.
Crazy Yiuf is almost dead.
You feel sick.
Crazy Yiuf hits you with a +3 quarterstaff of chaos!
* * * LOW HITPOINT WARNING * * *
You are electrocuted!
You die...

#.>....#
#.#......
#......#
#.#######
#......# #..#
####### ##.##
#..# ##.# ####
♣♣###.# #)..#♣♣
♣♣.....#
#..g@.♣♣♣♣......#
#...#♣..♣......##
#### ♣♣♣.♣....##
♣♣♣♣♣###


You could see Crazy Yiuf.

Vanquished Creatures
  2 adders (D:2)
  An ooze (D:1)
  A dart slug (D:1)
  3 leopard geckos (D:1)
  An orc (D:2)
  3 giant cockroaches
  3 goblins (D:1)
  7 hobgoblins
  10 jackals
  5 kobolds (D:1)
  A quokka (D:2)
  2 bats
  2 frilled lizards
  2 rats
43 creatures vanquished.

Notes
Turn   | Place    | Note
-------+----------+-------------------------------------------
     0 | D:1      | Revguard the Demonspawn Gladiator began the quest for the
                  | Orb.
     0 | D:1      | Reached XP level 1. HP: 16/16 MP: 1/1
   386 | D:1      | Gained mutation: You are partially covered in large bone
                  | plates. (SH +4) [demonic ancestry]
   386 | D:1      | Reached XP level 2. HP: 2/22 MP: 2/2
   896 | D:1      | Reached skill level 1 in Armour
   949 | D:1      | Gained mutation: A weak demonic guardian rushes to your
                  | aid. [demonic ancestry]
   949 | D:1      | Reached XP level 3. HP: 11/27 MP: 3/3
  1845 | D:2      | Reached XP level 4. HP: 27/34 MP: 4/4
  1879 | D:2      | Found a runed translucent door.
  1880 | D:2      | Noticed Crazy Yiuf
  1893 | D:2      | Slain by Crazy Yiuf

Skill      XL: |  1  2 |
---------------+-------+-----
Axes           | 3 |  3.5
Dodging        | 3 |  3.1
Armour         | 1 |  1.4
Fighting       | |  2.4
Throwing       | |  1.7

Action                   |  1- 3 |  4- 6 || total
-------------------------+-------+-------++-------
Melee: War axe           |   107 |     8 ||   115
  Use: Potion            |     2 |       ||     2
 Stab: Sleeping          |     1 |       ||     1
  Eat: Chunk             |     3 |       ||     3
Armor: Leather armour    |    17 |       ||    17
       Chain mail        |    56 |     6 ||    62
Dodge: Dodged            |    64 |     5 ||    69
Block: Other             |    31 |     1 ||    32
